 Dungeon Crawl Stone Soup version 0.20-a0-673-g53087c7 (webtiles) character file.

156 M4edhros the Sneak (level 5, -1/34 HPs)
             Began as an Octopode Artificer on Feb 18, 2017.
             Was an Initiate of Gozag.
             Slain by an orc wizard
             ... wielding a +0 dagger
              (5 damage)
             ... on level 3 of the Dungeon.
             The game lasted 00:02:53 (2800 turns).

M4edhros the Sneak (Octopode Artificer)             Turns: 2800, Time: 00:02:54

Health: -1/34      AC:  1    Str: 12    XL:     5   Next: 37%
Magic:  7/7        EV: 14    Int: 13    God:    Gozag
Gold:   462        SH:  0    Dex: 13    Spells: 4/4 levels left

rFire    . . .     SeeInvis .   a - +0 short sword
rCold    . . .     Gourm    .   (no shield)
rNeg     . . .     Faith    .   (helmet restricted)
rPois    .         Spirit   .   (no amulet)
rElec    .         Reflect  .   (no ring)
rCorr    .         Harm     .   (no ring)
MR       .....                  (no ring)
Stlth    ++++......             (no ring)
Regen    0.2/turn               (no ring)
MPRegen  0.1/turn               (no ring)
                                (no ring)
                                (no ring)

@: gold aura
A: almost no armour, stealthy swim, amphibious, 8 rings, constrict 8, camouflage
1, gelatinous body 1
a: Potion Petition, Call Merchant, Bribe Branch, Renounce Religion


You were on level 3 of the Dungeon.
You worshipped Gozag.
Gozag was aware of your devotion.
You were not hungry.

You visited 1 branch of the dungeon, and saw 3 of its levels.

You collected 473 gold pieces.
You paid 11 gold pieces to Gozag.

Inventory:

Hand Weapons
 a - a +0 short sword (weapon)
 h - a +1 hunting sling
 k - a -3 spear
Missiles
 i - 102 stones (quivered)
 n - 22 sling bullets
Wands
 b - a wand of flame (15/48)
 c - a wand of enslavement (13/24)
 d - a wand of random effects (14/48)
Scrolls
 g - 2 scrolls of fear
 j - a scroll of enchant armour {unknown}
 m - 4 scrolls of teleportation {unknown}
 o - a scroll of remove curse
Potions
 e - a potion of brilliance {unknown}
 r - a potion of flight


   Skills:
 + Level 2.2 Fighting
 - Level 1.0 Short Blades
 + Level 3.1 Dodging
 * Level 5.5 Stealth
 - Level 3.2 Evocations


You had 4 spell levels left.
You didn't know any spells.

Dungeon Overview and Level Annotations

Branches:
Dungeon (3/15)

Altars:
Ashenzari
Gozag
Sif Muna


Innate Abilities, Weirdness & Mutations

You cannot wear most types of armour.
You are very stealthy in the water. (Stealth+)
You are amphibious.
You can wear up to eight rings at the same time.
You can use your tentacles to constrict eight enemies at once.
Your skin changes colour to match your surroundings (Stealth+).
Your rubbery body absorbs attacks. (AC +1, EV +1)


Message History

Orders for allies: a - Attack new target. r - Retreat! s - Stop attacking. g - Guard the area. f - Follow me.
Anything else - Cancel.
Gang up on whom?
Press: ? - help, Dir - move target cursor, f - orc wizard
Aim: an orc wizard, wielding a dagger and wearing a robe (heavily wounded) Attack!
Your orc wizard points at the orc wizard and mumbles some strange words.
The puff of flame hits the orc wizard.
The orc wizard points at you and mumbles some strange words.
Your orc wizard appears confused.
Your orc wizard falls into the water!
Your orc wizard drowns.
You hear a splash. x2
You closely miss the orc wizard. Your grab misses the orc wizard.
The orc wizard is almost dead.
The orc wizard hits you with a dagger.
You die...
Your body crumbles into a pile of gold.

##
##.#..###
##.###
.## ##..#
##...##
..# #..#
#.._..#
##.# #..#
#.8.8.#
#.# ..#
###'###
## #...#
#...#
#$≈≈#
#@o.#
#####


You could see an orc wizard.

Vanquished Creatures
  An orc priest (D:3)
  Robin (D:3)
  An ooze (D:1)
  A worm (D:3)
  4 dart slugs (D:2)
  3 leopard geckos
  5 orcs (D:3)
  A ball python (D:1)
  8 bats
  3 giant cockroaches
  20 goblins
  10 hobgoblins
  7 kobolds
  A quokka (D:2)
  4 frilled lizards
  8 rats
78 creatures vanquished.

Vanquished Creatures (collateral kills)
  An orc wizard (D:3)
1 creature vanquished.

Grand Total: 79 creatures vanquished

Notes
Turn   | Place    | Note
-------+----------+-------------------------------------------
     0 | D:1      | M4edhros the Octopode Artificer began the quest for the Orb.
     0 | D:1      | Reached XP level 1. HP: 13/13 MP: 3/3
    27 | D:1      | Reached skill level 2 in Stealth
    95 | D:1      | Reached skill level 3 in Stealth
    95 | D:1      | Reached XP level 2. HP: 13/18 MP: 4/4
   102 | D:2      | Found an opulent altar of Gozag.
   476 | D:2      | Became a worshipper of Gozag Ym Sagoz the Greedy
   917 | D:1      | Reached XP level 3. HP: 21/23 MP: 5/5
  1276 | D:1      | Reached skill level 4 in Stealth
  1947 | D:2      | Reached XP level 4. HP: 17/29 MP: 6/6
  2438 | D:3      | Noticed Robin
  2486 | D:3      | Killed Robin
  2703 | D:3      | Reached skill level 5 in Stealth
  2721 | D:3      | Reached XP level 5. HP: 26/34 MP: 7/7
  2761 | D:3      | Found a shattered altar of Ashenzari.
  2780 | D:3      | Found a deep blue altar of Sif Muna.
  2800 | D:3      | Slain by an orc wizard

Vault maps used:
D:1:      sevenhm_arrival_forest_fort_large_4
D:2:      overflow_temple_1_default, st_stairs_4, grunt_ministairs_5,
          roderic_lattice_a
D:3:      kennysheep_vampire_church, cheibrodos_ashenzari_chains,
          nicolae_overflow_crystal_walls, led_sif_book, uniq_robin,
          uniq_jessica, uniq_grinder

Skill      XL: |  1  2  3  4 |
---------------+-------------+-----
Stealth        | 3 4 5 |  5.5
Fighting       | 2 |  2.2
Dodging        | 3 |  3.1
Short Blades   | |  1.0
Evocations     | |  3.2

Action                   |  1- 3 |  4- 6 || total
-------------------------+-------+-------++-------
Melee: Short sword       |    50 |    79 ||   129
       Spear             |    43 |       ||    43
       Constrict         |    19 |    19 ||    38
       Tentacles         |    12 |    15 ||    27
Evoke: Wand              |       |     3 ||     3
  Use: Scroll            |     6 |       ||     6
       Potion            |       |     1 ||     1
 Stab: Sleeping          |    19 |     5 ||    24
       Distracted        |     1 |     1 ||     2
       Confused          |       |     2 ||     2
  Eat: Bread ration      |     1 |     1 ||     2
Armor: Skin              |     9 |     5 ||    14
Dodge: Dodged            |    40 |    47 ||    87
